 Dungeon Crawl Stone Soup version 0.31.0-7-gf635a9b802 (webtiles) character file.

Game seed: 14374015599748112298

88 Zeia the Chiller (level 4, -3/32 HPs)
             Began as a Gnoll Wanderer on Jan 23, 2024.
             Succumbed to a kobold brigand's curare-tipped dart
             ... in a sewer.
             The game lasted 00:05:25 (2681 turns).

Zeia the Chiller (Gnoll Wanderer)                   Turns: 2681, Time: 00:05:26

Health: -3/32      AC:  6    Str: 10    XL:     4   Next: 54%
Magic:  17/17      EV: 15    Int: 22    God:
Gold:   167        SH:  0    Dex: 11    Spells: 8/9 levels left

rFire   . . .        a - +0 dagger
rCold   . . .        (no shield)
rNeg    . . .        m - +0 ring mail of Biuriram {Int+7}
rPois   .            (no helmet)
rElec   .            (no cloak)
rCorr   .            d - +0 pair of gloves
SInv    .            (no boots)
Will    .....        (no amulet)
Stlth   ++           g - ring of magical power
HPRegen 0.25/turn    k - +5 ring of evasion
MPRegen 0.15/turn

%: no passive effects
@: lethally poisoned (-3 -> -18), slowed, very slow
A: fangs 1, strong nose, distributed training
a: no special abilities


You were in a sewer.
You visited 1 branch of the dungeon, and saw 3 of its levels.
You also visited: Sewer.

You collected 167 gold pieces.

Inventory:

Hand Weapons
 a - a +0 dagger (weapon)
Armour
 c - a +0 robe
 d - a +0 pair of gloves (worn)
 m - the +0 ring mail of Biuriram (worn) {Int+7}
   (You found it on level 3 of the Dungeon)

   Int+7:     It affects your intelligence (+7).
Jewellery
 g - a ring of magical power (left hand)
 j - a ring of ice
 k - a +5 ring of evasion (right hand)
Scrolls
 b - 3 scrolls of teleportation
 h - 2 scrolls of identify {unknown}
 n - 3 scrolls of revelation {unknown}
Potions
 e - 2 potions of cancellation {unknown}
 f - a potion of might {unknown}
 i - a potion of resistance {unknown}
 l - a potion of lignification {unknown}


   Skills:
 + Level 1.2 Fighting
 + Level 1.2 Short Blades
 + Level 1.2 Long Blades
 + Level 1.2 Axes
 + Level 1.2 Maces & Flails
 + Level 1.2 Polearms
 + Level 1.2 Staves
 + Level 1.2 Ranged Weapons
 + Level 1.2 Throwing
 + Level 2.8 Armour
 + Level 1.2 Dodging
 + Level 6.1 Stealth
 + Level 1.2 Shields
 + Level 1.2 Unarmed Combat
 + Level 3.0 Spellcasting
 + Level 1.0 Conjurations
 + Level 1.0 Hexes
 + Level 1.0 Summonings
 + Level 1.0 Necromancy
 + Level 1.0 Translocations
 + Level 2.3 Fire Magic
 + Level 7.1 Ice Magic
 + Level 1.0 Air Magic
 + Level 1.0 Earth Magic
 + Level 1.0 Alchemy
 + Level 1.3 Invocations
 + Level 1.2 Evocations
 + Level 1.1 Shapeshifting


You had 8 spell levels left.
You knew the following spells:

 Your Spells              Type           Power      Damage    Failure   Level
a - Foxfire               Conj/Fire      40%        2x1d6     16%         1

Your spell library contained the following spells:

 Spells                   Type           Power      Damage    Failure   Level
 Freeze                   Ice            100%       1d10      1%          1
 Ensorcelled Hibernation  Hex/Ice        42%        N/A       9%          2
 Hailstorm                Conj/Ice       21%        3d7       17%         3
 Summon Ice Beast         Ice/Summ       21%        N/A       17%         3
 Inner Flame              Hex/Fire       10%        N/A       41%         3
 Sculpt Simulacrum        Ice/Alch       10%        N/A       100%        6


Dungeon Overview and Level Annotations

Branches:
Dungeon (3/15)              Sewer (1/1)

Altars:

Annotations:
D:2 exclusion: 3 gnolls
D:3 Grinder


Innate Abilities, Weirdness & Mutations

You have very sharp teeth.
Your uncanny sense of smell can sniff out nearby items.
Your experience applies equally to all skills.


Message History

You enter the shallow water.
Moving in this stuff is going to be slow.
You enter the shallow water.
Moving in this stuff is going to be slow.
A rat comes into view.
A kobold comes into view. It is wielding a +0 dagger.
The rat squeaks loudly.
The kobold shouts!
The kobold moves out of view.
The rat twitches its whiskers.
You completely miss the rat. The rat misses you.
You hit the rat.
The rat is severely wounded.
The rat closely misses you.
You closely miss the rat. You punch the rat.
You kill the rat!
The kobold hits you but does no damage. The kobold hits you but does no damage.
You hit the kobold but do no damage. The kobold misses you.
You hit the kobold.
You kill the kobold!
A kobold brigand comes into view.
It is wielding a +0 club and quivering curare-tipped darts.
You enter the shallow water.
Moving in this stuff is going to be slow.
The kobold brigand throws a curare-tipped dart.
The curare-tipped dart hits you.
You are poisoned.
You have difficulty breathing.
You feel yourself slow down.
You feel very sick.
The kobold brigand throws a curare-tipped dart.
The curare-tipped dart misses you.
The kobold brigand throws a curare-tipped dart.
The curare-tipped dart hits you.
You are lethally poisoned!
You have difficulty breathing.
You feel as though you will be slow longer.
The kobold brigand throws a curare-tipped dart.
The curare-tipped dart barely misses you.
* * * LOW HITPOINT WARNING * * *
You feel extremely sick.
You die...

~~≈≈≈≈≈~.∩.~≈≈≈≈...
!~#####.~.∩.####...
##~~~## ##~## #~#
#~# # ##~## #.~
##..~##
....~#####~@...#
.~...K~~~~...~.#
..~.~#####)...~#
#~. ##~..## # #####


You could see a kobold brigand.

Vanquished Creatures
  3 adders
  2 dart slugs (D:2)
  A ribbon worm (D:2)
  4 bats
  5 endoplasms
  7 giant cockroaches
  3 goblins
  4 hobgoblins
  4 kobolds
  3 quokkas
  7 ball pythons
  4 frilled lizards
  4 rats
51 creatures vanquished.

Notes
Turn   | Place    | Note
-------+----------+-------------------------------------------
     0 | D:1      | Zeia the Gnoll Wanderer began the quest for the Orb.
     0 | D:1      | Zeia set off with the following items: a +0 dagger, a
                  | scroll of teleportation, a +0 robe, a +0 pair of gloves;
                  | and the following spells available to memorise: Freeze,
                  | Ensorcelled Hibernation, Foxfire, Summon Ice Beast, Inner
                  | Flame.
     0 | D:1      | Reached XP level 1. HP: 13/13 MP: 4/4
     2 | D:1      | Learned a level 1 spell: Foxfire
   240 | D:1      | Reached XP level 2. HP: 9/19 MP: 5/5
   848 | D:1      | Reached XP level 3. HP: 25/25 MP: 7/7
  1156 | D:2      | Reached skill level 1 in Invocations
  1331 | D:2      | Found a faded altar of an unknown god.
  1534 | D:2      | Reached skill level 1 in Fighting
  1534 | D:2      | Reached skill level 1 in Short Blades
  1534 | D:2      | Reached skill level 1 in Long Blades
  1534 | D:2      | Reached skill level 1 in Axes
  1534 | D:2      | Reached skill level 1 in Maces & Flails
  1534 | D:2      | Reached skill level 1 in Polearms
  1534 | D:2      | Reached skill level 1 in Staves
  1534 | D:2      | Reached skill level 1 in Ranged Weapons
  1534 | D:2      | Reached skill level 1 in Throwing
  1534 | D:2      | Reached skill level 1 in Dodging
  1534 | D:2      | Reached skill level 1 in Shields
  1534 | D:2      | Reached skill level 1 in Unarmed Combat
  1534 | D:2      | Reached skill level 1 in Evocations
  1670 | D:2      | Reached skill level 1 in Shapeshifting
  1670 | D:2      | Reached XP level 4. HP: 32/32 MP: 8/8
  2346 | D:3      | Identified the +0 ring mail of Biuriram {Int+7}
  2362 | D:3      | Noticed Grinder
  2443 | D:3      | Found a glowing drain.
  2537 | Sewer    | Entered a sewer
  2578 | Sewer    | Reached skill level 1 in Conjurations
  2578 | Sewer    | Reached skill level 1 in Hexes
  2578 | Sewer    | Reached skill level 1 in Summonings
  2578 | Sewer    | Reached skill level 1 in Necromancy
  2578 | Sewer    | Reached skill level 1 in Translocations
  2578 | Sewer    | Reached skill level 1 in Air Magic
  2578 | Sewer    | Reached skill level 1 in Earth Magic
  2578 | Sewer    | Reached skill level 1 in Alchemy
  2676 | Sewer    | Noticed a kobold brigand
  2680 | Sewer    | HP: 1/32 [poisoned by a kobold brigand (curare-tipped
                  | dart)]
  2681 | Sewer    | Succumbed to a kobold brigand's curare-tipped dart

Illustrated notes

Levels and vault maps discovered:
D:1:      dpeg_arrival_houses_and_road, layout_basic
D:2:      layout_basic, hellmonk_ecumenical_altar_pennies_from_heaven,
          minmay_bisected
D:3:      layout_basic, mainiacjoe_overflow_small_starburst, serial_shops, shop,
          portal_sewer_entry_f, minmay_between, uniq_grinder
Sewer:    sewer_co_15_rooms

Skill      XL: |  1  2  3  4 |
---------------+-------------+-----
Fire Magic     | 2 |  2.3
Stealth        | 6 |  6.1
Invocations    | 1 |  1.3
Fighting       | 1 |  1.2
Short Blades   | 1 |  1.2
Long Blades    | 1 |  1.2
Axes           | 1 |  1.2
Maces & Flails | 1 |  1.2
Polearms       | 1 |  1.2
Staves         | 1 |  1.2
Ranged Weapons | 1 |  1.2
Throwing       | 1 |  1.2
Dodging        | 1 |  1.2
Shields        | 1 |  1.2
Unarmed Combat | 1 |  1.2
Evocations     | 1 |  1.2
Shapeshifting  | 1 |  1.1
Spellcasting   | 3 |  3.0
Conjurations   | 1 |  1.0
Hexes          | 1 |  1.0
Summonings     | 1 |  1.0
Necromancy     | 1 |  1.0
Translocations | 1 |  1.0
Air Magic      | 1 |  1.0
Earth Magic    | 1 |  1.0
Alchemy        | 1 |  1.0
Armour         | |  2.8
Ice Magic      | |  7.1

Action                     |  1- 3 |  4- 6 || total
---------------------------+-------+-------++-------
  Melee: Dagger            |   151 |   163 ||   314
         Bite              |    12 |    22 ||    34
         Punch             |     1 |     6 ||     7
   Stab: Sleeping          |     9 |       ||     9
 Armour: Robe              |    74 |    13 ||    87
         Ring mail         |       |    80 ||    80
  Dodge: Dodged            |    77 |   153 ||   230
